AoeStats
← Gabo

MegaRandom

505976859Analyzed
1v1 RM · 19d ago on Sep 11, 2026· 20m 38s· 2 players
Game mode
Random Map
Map size
Tiny (2 player)
Population
200
Speed
Normal
Resources
Standard
Victory
Conquest
Starting age
Dark Age
Ending age
Imperial Age
RankedLock teamsTeams togetherTeam positionsShared explorationLock speedFull tech treeHidden civsTurbo modeCheats
Victory
Defeat
🇬🇧 Bulgarians · United Kingdom
1041
+17
🇨🇱 Celts · Chile
1062
-17
Necrocat219
1:20 Loom
14:32 Feudal Age
15:03 Arson
17:36 Forging
17:26 Scale Mail Armor
17:39 Forging
18:16 Double-Bit Axe
19:24 Gold Mining
Gabo
1:45 Loom
10:52 Feudal Age
11:20 Double-Bit Axe
14:08 Man-at-Arms
17:17 Fletching
17:45 Town Watch
18:38 Wheelbarrow
18:47 Wheelbarrow
Connection lost

Rejoining the realm…

Still unreachable

The connection could not be restored.

Session expired

The server has moved on; the page needs a fresh start.